 Dungeon Sprint DCSS version 0.24-a0-720-gbbc45b0 (webtiles) character file.

Game seed: 12818941010524390397, levelgen mode: deterministic

11 schets the Skirmisher (level 2, -2/25 HPs)
             Began as a Demonspawn Fighter on Sept 30, 2019.
             Slain by a human (5 damage)
             ... in the Dungeon (Sprint III: "The Ten Rune Challenge").
             The game lasted 00:00:25 (265 turns).

schets the Skirmisher (Demonspawn Fighter)           Turns: 265, Time: 00:00:25

Health: -2/25      AC:  6    Str: 16    XL:     2   Next: 13%
Magic:  2/2        EV: 12    Int:  9    God:
Gold:   10         SH:  9    Dex: 17    Spells: 1/1 levels left

rFire    . . .     SeeInvis .     - Unarmed
rCold    . . .     Gourm    .   b - +0 shield
rNeg     . . .     Faith    .   a - +0 scale mail
rPois    .         Spirit   .   (no helmet)
rElec    .         Reflect  .   (no cloak)
rCorr    .         Harm     .   (no gloves)
MR       .....     NoTele   +   (no boots)
Stlth    +.........             (no amulet)
HPRegen  0.08/turn              (no ring)
MPRegen  0.08/turn              (no ring)

@: agile
A: powered by pain 1
a: no special abilities


You were in the Dungeon.
You were not hungry.

You visited 1 branch You collected 10 gold pieces.

Inventory:

Armour
 a - a +0 scale mail (worn)
 b - a +0 shield (worn)
Scrolls
 j - a scroll of blinking
Potions
 c - a potion of might
 e - a potion of curing
 f - a potion of heal wounds
 g - a potion of haste
 h - 2 potions of magic
 i - a potion of berserk rage
Comestibles
 d - 2 rations
 k - 2 chunks of flesh


   Skills:
 * Level 3.8 Fighting
 + Level 3.1 Armour
 + Level 1.1 Dodging
 + Level 3.1 Shields
 * Level 2.7 Unarmed Combat


You had one spell level left.
You didn't know any spells.
Your spell library was empty.

Dungeon Overview and Level Annotations

Branches:
Dungeon (1/1)

Altars:


Innate Abilities, Weirdness & Mutations

You sometimes gain a little power by taking damage.


Message History

You block the human's attack.
You barely miss the human.
The human is moderately wounded.
The human completely misses you.
Your shield and scale mail prevent you from hitting the human.
The human is moderately wounded.
The human closely misses you.
You hit the human but do no damage.
The human is moderately wounded.
The human hits you but does no damage.
You hit the human.
The human is heavily wounded.
You block the human's attack. x2
You barely miss the human.
The human is heavily wounded.
You block the human's attack.
You barely miss the human.
The human is heavily wounded.
The human hits you.
You die...

▓..# ▓#'####
▓.....#
▓.....#...≈≈♣♣
▓.....#..≈≈≈≈♣♣♣
▓####'#..≈≈≈≈≈≈.
▓...÷÷#.≈≈≈≈≈≈..
▓.....#.≈≈≈≈≈...
▓.p@..#.≈≈≈.....
▓'#####.........
▓.....p.........
▓▓▓▓▓▓▓▓▓▓▓▓▓▓▓▓


You could see a human.

Vanquished Creatures
  2 oozes (D)
  2 rats (D)
4 creatures vanquished.

Vanquished Creatures (others)
  2 draconian scorchers (D)
  6 hellions (D)
  A yaktaur (D)
9 creatures vanquished.

Grand Total: 13 creatures vanquished

Notes
Turn   | Place    | Note
-------+----------+-------------------------------------------
     0 | D        | schets the Demonspawn Fighter began the quest for the Orb.
     0 | D        | Reached XP level 1. HP: 18/18 MP: 1/1
    13 | D        | Reached skill level 1 in Dodging
    13 | D        | Gained mutation: You sometimes gain a little power by
                  | taking damage. [demonic ancestry]
    13 | D        | Reached XP level 2. HP: 10/25 MP: 2/2
    93 | D        | Killed a hellion
   113 | D        | Killed a hellion
   116 | D        | Killed a hellion
   141 | D        | Killed a hellion
   169 | D        | Killed a hellion
   172 | D        | Killed a white draconian scorcher
   208 | D        | Killed a hellion
   232 | D        | Killed a white draconian scorcher
   251 | D        | Killed a yaktaur
   265 | D        | Slain by a human

Levels and vault maps discovered:
D:        dungeon_sprint_mu [sprint_mu_entry_forest, sprint_mu_temple_rooms,
          sprint_mu_d1_horrors, sprint_mu_d2_genie, sprint_mu_d3_branching,
          sprint_mu_orc_legion, sprint_mu_elf_gauntlet, sprint_mu_hive_nellie,
          sprint_mu_lair_fedhas, sprint_mu_vaults_butterflies,
          sprint_mu_slime_circle, sprint_mu_shoals_kraken,
          sprint_mu_snake_twists, sprint_mu_blade_basic,
          sprint_mu_crypt_chambers, sprint_mu_tomb_spiral,
          sprint_mu_vestibule_basic, sprint_mu_gehenna_hellfire,
          sprint_mu_dis_giant, sprint_mu_tartarus_statrot,
          sprint_mu_cocytus_islands, sprint_mu_zot1]

Skill      XL: |  1 |
---------------+----+-----
Unarmed Combat | 2 |  2.7
Armour         | 3 |  3.1
Dodging        | 1 |  1.1
Shields        | 3 |  3.1
Fighting       | |  3.8

Action                   || total
-------------------------++-------
Melee: Unarmed           ||    49
Armor: Scale mail        ||    10
Dodge: Dodged            ||    13
Block: Shield            ||    18

Table legend:
 A = Non-vault XP
 B = Vault XP
 C = Vault XP percentage of total XP
 D = Non-vault monster count
 E = Vault monster count
 F = Vault count percentage of total count
                 A         B        C        D         E       F
            +---------+---------+-------+---------+---------+-------
      Total |       0 |      16 | 100.0 |       0 |       4 | 100.0
            +---------+---------+-------+---------+---------+-------
          D |       0 |      16 | 100.0 |       0 |       4 | 100.0
            +---------+---------+-------+---------+---------+-------
